 Dungeon Crawl Stone Soup version 0.17-a0-1375-g89b919d (webtiles) character file.

9895 Chiseanne the Archer (level 11, 0/97 HPs)
             Began as a Centaur Hunter on June 13, 2015.
             Was an Initiate of Gozag.
             Slain by a troll (8 damage)
             ... on level 10 of the Dungeon.
             The game lasted 00:55:56 (14910 turns).

Chiseanne the Archer (Centaur Hunter)              Turns: 14910, Time: 00:55:56

Health: 0/97       AC: 18    Str: 15    XL:     11   Next: 29%
Magic:  11/11      EV:  7    Int: 12    God:    Gozag
Gold:   927        SH:  0    Dex: 13    Spells: 0 memorised, 10 levels left

rFire  . . .     SeeInvis +     a - +6 long sword "Geytov" {elec, rC+ MR+}
rCold  + . .     Clarity  .     y - +0 chain mail of Insatiable Hunger {Regen+ Int+4} (curse)
rNeg   + + .     SustAt   .     (no shield)
rPois  .         Gourm    .     C - +2 hat
rElec  .         Spirit   .     T - +0 cloak {MR+}
rCorr  .         Warding  .     r - +5 pair of gloves of Leaves {*Drain +Blink Int-2 SInv}
rMut   .         Stasis   .     (no barding)
MR     ++...                    (no amulet)
Stlth  ..........               f - ring of positive energy
                                o - ring of positive energy

@: very quick, very resistant to hostile enchantments, extremely unstealthy
A: hooves 3, deformed body, speed 2, tough skin 3
a: Potion Petition, Call Merchant, Bribe Branch, Renounce Religion, Evoke Blink


You were on level 10 of the Dungeon.
You worshipped Gozag.
Gozag was noncommittal.
You were not hungry.

You visited 2 branches of the dungeon, and saw 11 of its levels.
You also visited: Bailey.

You collected 2478 gold pieces.
You spent 923 gold pieces at shops.
You paid 628 gold pieces to Gozag.

Inventory:

Hand weapons
 a - the +6 long sword "Geytov" (weapon) {elec, rC+ MR+}
   (You found it on level 9 of the Dungeon)

   Occasionally, upon striking a foe, it will discharge some electrical energy
   and cause terrible harm.
   It protects you from cold.
   It affects your resistance to hostile enchantments.
 i - a +2 great sword of flaming
 q - a +0 blowgun
 s - a +2 trident of freezing
 w - a +1 shortbow
Missiles
 b - 3 arrows
 d - 16 bolts
 k - 5 javelins
 v - 8 tomahawks (quivered)
 L - 31 poisoned needles
Armour
 g - a +0 crystal plate armour
 j - the +15 Maxwell's patent armour {-Cast -Tele rElec MR+ rCorr}
   (You took it off an orc knight in a bailey)

   It insulates you from electricity.
   It affects your resistance to hostile enchantments.
   It prevents spellcasting.
   It prevents most forms of teleportation.
   It protects you from acid and corrosion.
 r - the +5 pair of gloves of Leaves (worn) {*Drain +Blink Int-2 SInv}
   (You found it in a bailey)

   It affects your intelligence (-2).
   It lets you see invisible.
   It lets you blink.
   It causes draining when unequipped.
 y - the cursed +0 chain mail of Insatiable Hunger (worn) {Regen+ Int+4}
   (You took it off Grum on level 10 of the Dungeon)

   It affects your intelligence (+4).
   It increases your rate of regeneration.
   It has a curse placed upon it.
 C - a +2 hat (worn)
 I - a +3 leather armour of cold resistance
 T - a +0 cloak of magic resistance (worn)
Jewellery
 f - a ring of positive energy (right hand)
 o - a ring of positive energy (left hand)
 p - an uncursed ring of ice
 F - an uncursed ring of sustain attributes
Scrolls
 e - a scroll of immolation
 l - 2 scrolls of remove curse
 t - 3 scrolls of blinking
 x - a scroll of enchant armour
 B - 5 scrolls of teleportation
 K - 4 scrolls of identify
 M - 4 scrolls of recharging
 S - 3 scrolls of fog
Potions
 c - a potion of haste
 n - a potion of flight
 z - 2 potions of resistance
 J - a potion of curing
 P - a potion of cancellation
Books
 u - a Grand Grimoire {highlevel, unknown}

   This book is beyond your current level of understanding.

   Spells                             Type                      Level
   a - Monstrous Menagerie            Summoning                    6
   b - Summon Greater Demon           Summoning                    7
   c - Malign Gateway                 Summoning/Translocation      7
   d - Summon Horrible Things         Summoning                    8
Comestibles
 h - 8 bread rations
 m - 8 meat rations
 A - a royal jelly


   Skills:
 * Level 9.0 Fighting
 - Level 14.0 Bows
 + Level 6.2 Armour
 + Level 6.3 Dodging
 - Level 0.5 Stealth


You had 10 spell levels left.
You didn't know any spells.

Dungeon Overview and Level Annotations

Branches:
Dungeon (10/15)            Temple (0/1) D:5            Lair (1/8) D:8
    Orc: D:9-12

Altars:
Ashenzari
Dithmenos
Gozag
Makhleb
Nemelex Xobeh
Qazlal
Ru
Sif Muna
Trog
Vehumet
Zin

Shops:
D:4 %}   D:6 (   D:8 [   D:11 *

Annotations:
D:3 Sigmund


Innate Abilities, Weirdness & Mutations

You have hooves in place of feet.
Armour fits poorly on your strangely shaped body.
You cover ground very quickly.
You have extremely tough skin (AC +3).


Message History

The troll is almost dead.
The centaur is no longer distracted by gold.
The troll bites you. The troll claws you but does no damage.
The troll claws you.
You completely miss the troll. You kick the troll.
The troll is almost dead.
The troll closely misses you. The troll claws you!
* * * LOW HITPOINT WARNING * * *
The troll claws you but does no damage. The gnoll hits you but does no damage.
You hit the troll. You kick the troll.
The troll is almost dead.
The troll bites you!
* * * LOW HITPOINT WARNING * * *
The troll claws you but does no damage. The troll barely misses you.
The gnoll hits you but does no damage. The troll closely misses you.
The troll claws you!
* * * LOW HITPOINT WARNING * * *
The troll claws you!
You die...
Your body crumbles into a pile of gold.

#######.#############.##
#.......................
#######...).......######
#...........# $ #.....).....#
### #...........# ##.##
#...........######
##.(.#######.................
#..#.)($gcgT@#########.######
#.T##..#####.# #.#
####(###### #.# #.# ##..g..#
#[# #.# #..c#.## #.# #.#
#..####
#######.#########.###### )g##
#.....).......)......... ..#
#.....#########.#####.## .##
#.....# #.# #.#


You could see a troll, a centaur and 2 gnolls.

Vanquished Creatures
  An orc knight (Bailey)
  Maurice (D:8)
  A komodo dragon (D:9)
  A blink frog (D:8)
  A troll (D:10)
  A spriggan (D:8)
  9 yaks
  Grum (D:10)
  2 steam dragons (D:8)
  Edmund (D:6)
  3 wolves (D:10)
  A water moccasin (D:5)
  5 crocodiles
  Duvessa (D:6)
  4 ice beasts
  A porcupine (Lair:1)
  5 ogres
  5 orc warriors (Bailey)
  3 phantoms
  3 sky beasts
  A black bear (D:8)
  A necrophage (D:9)
  2 centaurs
  A big kobold (D:7)
  9 giant frogs
  Dowan (D:6)
  2 wyvern zombies
  4 killer bees (D:7)
  4 scorpions
  8 wights (D:7)
  2 quasits (D:9)
  5 crimson imps
  2 gnoll shamans (D:10)
  5 hounds
  3 jellies
  4 worker ants
  A centaur skeleton (D:4)
  4 orc priests
  A giant frog skeleton (D:6)
  9 orc wizards
  Natasha (D:4)
  8 iguanas
  A hound zombie (D:7)
  2 hound skeletons
  Robin (D:3)
  5 adders
  7 gnolls
  A shadow imp (D:5)
  2 oozes
  An adder zombie (D:9)
  An adder skeleton (D:4)
  10 giant geckos
  57 orcs
  2 ball pythons
  8 bats
  A bat skeleton (D:6)
  4 giant cockroaches
  22 goblins
  15 hobgoblins
  8 jackals
  6 quokkas
  8 giant newts
  20 kobolds
  40 rats
  2 plants (D:1)
352 creatures vanquished.

Vanquished Creatures (collateral kills)
  A water moccasin (D:8)
  An ogre (D:7)
  2 orc wizards (D:8)
  A giant gecko (D:8)
  A bat skeleton (D:8)
6 creatures vanquished.

Vanquished Creatures (others)
  A giant gecko (D:8)
  4 fungi (D:10)
  9 plants (D:10)
14 creatures vanquished.

Grand Total: 372 creatures vanquished

Notes
Turn   | Place    | Note
--------------------------------------------------------------
     0 | D:1      | Chiseanne the Centaur Hunter began the quest for the Orb.
     0 | D:1      | Reached XP level 1. HP: 17/17 MP: 1/1
   281 | D:1      | Reached XP level 2. HP: 18/24 MP: 2/2
   286 | D:1      | Reached skill level 6 in Bows
  1070 | D:1      | Reached XP level 3. HP: 26/29 MP: 3/3
  1283 | D:2      | Found a glowing silver altar of Zin.
  1746 | D:3      | Found a bloodstained altar of Trog.
  1748 | D:3      | Found a burning altar of Makhleb.
  1776 | D:3      | Found a stormy altar of Qazlal.
  1998 | D:3      | Noticed Robin
  2011 | D:3      | Reached skill level 1 in Armour
  2016 | D:3      | Killed Robin
  2018 | D:3      | Reached XP level 4. HP: 23/36 MP: 4/4
  2129 | D:3      | Found a faded altar to an unknown god.
  2207 | D:3      | Found a radiant altar of Vehumet.
  2400 | D:3      | Noticed Sigmund
  2687 | D:3      | Noticed a giant frog
  2703 | D:3      | Killed a giant frog
  2703 | D:3      | Reached skill level 7 in Bows
  2703 | D:3      | Reached XP level 5. HP: 14/42 MP: 5/5
  3595 | D:4      | Found Ketraupi's Food Emporium.
  3601 | D:4      | Found Nefuc's Gadget Shoppe.
  3625 | D:4      | Reached XP level 6. HP: 39/50 MP: 6/6
  3759 | D:4      | Reached skill level 8 in Bows
  3852 | D:4      | Noticed Natasha
  3858 | D:4      | Killed Natasha
  4040 | D:4      | You fall through a shaft!
  4040 | D:5      | Entered Level 5 of the Dungeon
  4271 | D:5      | Found an opulent altar of Gozag.
  4271 | D:5      | Found a sparkling altar of Nemelex Xobeh.
  4277 | D:5      | Became a worshipper of Gozag Ym Sagoz the Greedy
  5406 | D:5      | Reached XP level 7. HP: 39/57 MP: 7/7
  5795 | D:5      | Found a staircase to the Ecumenical Temple.
  5850 | D:5      | Reached skill level 9 in Bows
  5862 | D:5      | Found a sacrificial altar of Ru.
  5867 | D:5      | Noticed a water moccasin
  5876 | D:5      | Killed a water moccasin
  6704 | D:6      | Reached XP level 8. HP: 52/66 MP: 8/8
  6799 | D:6      | Reached skill level 10 in Bows
  7020 | D:6      | Noticed Duvessa
  7020 | D:6      | Noticed Dowan
  7036 | D:6      | Killed Duvessa
  7045 | D:6      | Killed Dowan
  7060 | D:6      | Found Icityuph's Weapon Boutique.
  7086 | D:6      | Noticed Edmund
  7289 | D:6      | Killed Edmund
  7784 | D:6      | Reached skill level 5 in Fighting
  7916 | D:6      | Found a deep blue altar of Sif Muna.
  8023 | D:7      | Reached skill level 11 in Bows
  8075 | D:7      | Reached XP level 9. HP: 48/74 MP: 9/9
  8597 | D:7      | Found a shattered altar of Ashenzari.
  8726 | D:7      | Found Eraosk's Magic Scroll Emporium.
  8757 | D:7      | Bought a scroll of identify for 26 gold pieces
  8757 | D:7      | Bought a scroll of vulnerability for 97 gold pieces
  8757 | D:7      | Bought a scroll of recharging for 123 gold pieces
  8757 | D:7      | Bought a scroll of identify for 26 gold pieces
  8757 | D:7      | Bought a scroll of brand weapon for 260 gold pieces
  8757 | D:7      | Bought a scroll of amnesia for 45 gold pieces
  8757 | D:7      | Bought a scroll of teleportation for 39 gold pieces
  8757 | D:7      | Bought a scroll of identify for 26 gold pieces
  8757 | D:7      | Bought a scroll of enchant armour for 97 gold pieces
  9030 | D:7      | Reached skill level 12 in Bows
 10425 | D:8      | Reached skill level 13 in Bows
 10425 | D:8      | Reached XP level 10. HP: 45/84 MP: 10/10
 10760 | D:8      | Found Suofietsuu's Armour Shoppe.
 10787 | D:8      | Bought a +0 cloak of magic resistance for 184 gold pieces
 10984 | D:8      | Reached skill level 5 in Dodging
 11029 | D:8      | Noticed Maurice
 11058 | D:8      | Killed Maurice
 11104 | D:8      | Reached skill level 5 in Armour
 11449 | D:8      | Found a staircase to the Lair.
 11454 | Lair:1   | Entered Level 1 of the Lair of Beasts
 12596 | D:9      | Reached skill level 14 in Bows
 12683 | D:9      | Noticed an eight-headed hydra
 12808 | D:9      | Got a crystal long sword
 12813 | D:9      | Identified the +6 long sword "Geytov" {elec, rC+ MR+} (You found it on level 9 of the Dungeon)
 13439 | D:9      | Found a shadowy altar of Dithmenos.
 13502 | D:10     | Entered Level 10 of the Dungeon
 13659 | D:10     | Found a flagged portal.
 13667 | Bailey   | Entered a bailey
 13773 | Bailey   | Noticed an orc knight
 13881 | Bailey   | Reached XP level 11. HP: 94/94 MP: 11/11
 14088 | Bailey   | Killed an orc knight
 14232 | Bailey   | Got a pair of faintly glowing gloves
 14243 | Bailey   | Identified the +5 pair of gloves of Leaves {*Drain +Blink Int-2 SInv} (You found it in a bailey)
 14662 | D:10     | Noticed Grum
 14684 | D:10     | Killed Grum
 14697 | D:10     | Got an ichor-stained chain mail
 14718 | D:10     | Identified the cursed +0 chain mail of Insatiable Hunger {Regen+ Int+4} (You took it off Grum on level 10 of the Dungeon)
 14910 | D:10     | Slain by a troll

Vault maps used:
D:1:      scummos_arrival_simple_crosswalls, kennysheep_boxes
D:2:      nicolae_overflow_hidden_temple, first_bread
D:3:      vehumet_crystals, overflow_temple_1_default,
          overflow_temple_1_default, lemuel_crystal_altar, ecumenical_altar_2,
          minmay_rats_cheesy_pizza, uniq_robin, uniq_sigmund
D:4:      wad_crossroads, serial_shops, shop, nicolae_shop_statue_plus,
          uniq_natasha
D:5:      grunt_temple_overflow_opulence, nicolae_ru_awakened_eye,
          minmay_temple_entry_grid
D:6:      lemuel_blue_sif_altar, serial_shops, shop, uniq_edmund, uniq_duvessa
D:7:      kennysheep_little_box, serial_shops, shop_scrolls
D:8:      erik_lair_dragon, serial_shops,
          nicolae_shop_competitors_out_of_business, the_bakery, uniq_maurice
D:9:      lemuel_coloured_pillars_altar
D:10:     kennysheep_seaside_town, enter_bailey_2, uniq_grum
Bailey:   bailey_polearm_1, bailey

Action                   |  1- 3 |  4- 6 |  7- 9 | 10-12 || total
-------------------------+-------+-------+-------+-------++-------
Melee: Short sword       |   244 |    31 |    64 |     1 ||   340
       Rapier            |    66 |   124 |       |       ||   190
       Falchion          |       |       |   153 |    82 ||   235
       Long sword        |       |       |       |   146 ||   146
 Fire: Shortbow          |    39 |   136 |   422 |   282 ||   879
       Blowgun           |       |       |       |    33 ||    33
Throw: Javelin           |    14 |       |    10 |     2 ||    26
       Tomahawk          |       |       |       |     3 ||     3
Invok: Potion Petition   |       |       |     1 |       ||     1
       Call Merchant     |       |       |       |     1 ||     1
Evoke: Wand              |       |       |     4 |     1 ||     5
  Use: Scroll            |     6 |     4 |     7 |     3 ||    20
       Potion            |       |     6 |       |     7 ||    13
  Eat: Chunk             |     3 |     6 |       |       ||     9
       Fruit             |       |     3 |       |     3 ||     6
       Beef jerky        |       |     2 |       |       ||     2
       Pizza             |       |     1 |     2 |       ||     3
       Royal jelly       |       |     1 |       |     1 ||     2
       Bread ration      |       |       |     1 |     2 ||     3
